 Dungeon Crawl Stone Soup version 0.29-a0-284-gf9362112df (webtiles) character file.

Game seed: 390287704360610277

3 Cecur the Digger (level 1, 0/14 HPs)
             Began as a Draconian Earth Elementalist on Mar 19, 2022.
             Frozen to death by an endoplasm (3 damage)
             ... on level 1 of the Dungeon.
             The game lasted 00:00:09 (274 turns).

Cecur the Digger (Draconian Earth Elementalist)      Turns: 274, Time: 00:00:09

Health: 0/14       AC:  4    Str: 10    XL:     1   Next: 41%
Magic:  0/3        EV: 12    Int: 15    God:
Gold:   13         SH:  0    Dex: 11    Spells: 3/4 levels left

rFire   . . .      SeeInvis .   (no weapon)
rCold   . . .      Faith    .   (no shield)
rNeg    . . .      Spirit   .   (body armour unavailable)
rPois   .          Reflect  .   (helmet restricted)
rElec   .          Harm     .   (no cloak)
rCorr   .          Rampage  .   (no gloves)
Will    .....                   (no boots)
Stlth   ++........              (no amulet)
HPRegen 0.04/turn               (no ring)
MPRegen 0.08/turn               (no ring)

@: no status effects
A: AC +4, unfitting armour, cold-blooded
a: no special abilities


You were on level 1 of the Dungeon.
You visited 1 branch of the dungeon, and saw 1 of its levels.

You collected 13 gold pieces.

Inventory:

Missiles
 a - 52 stones
Scrolls
 c - a scroll of teleportation {unknown}
Potions
 b - a potion of magic


   Skills:
 + Level 1.7 Dodging
 + Level 1.8 Stealth
 + Level 2.0 Spellcasting
 + Level 1.0 Transmutations
 + Level 3.2 Earth Magic


You had 3 spell levels left.
You knew the following spells:

 Your Spells              Type           Power      Damage    Failure   Level
a - Sandblast             Erth           22%        2d7       6%          1

Your spell library contained the following spells:

 Spells                   Type           Power      Damage    Failure   Level
 Passwall                 Tmut/Erth      5%         N/A       14%         2
 Stone Arrow              Conj/Erth      12%        3d7       34%         3
 Petrify                  Tmut/Erth      7%         N/A       67%         4


Dungeon Overview and Level Annotations

Branches:
Dungeon (1/15)

Altars:


Innate Abilities, Weirdness & Mutations

Your plain brown scales are hard. (AC +4)
You cannot fit into any form of body armour.
You are cold-blooded and may be slowed by cold attacks.


Message History

You hear a shout!
A hobgoblin and a frilled lizard come into view.
The hobgoblin shouts!
The frilled lizard hisses angrily.
The endoplasm quivers.
The frilled lizard bites you.
The blast of sand hits the frilled lizard!
You kill the frilled lizard!
The hobgoblin hits you but does no damage.
The blast of sand hits the hobgoblin.
The hobgoblin is almost dead.
The hobgoblin hits you.
You miscast Sandblast.
You are very lightly contaminated with residual magic.
Nothing appears to happen.
The hobgoblin hits you but does no damage.
The endoplasm jiggles.
You are too depleted to draw on your mana recklessly!
The frilled lizard attacks as you move away!
The frilled lizard barely misses you. The hobgoblin hits you.
The hobgoblin attacks as you move away! The hobgoblin closely misses you.
The hobgoblin closely misses you. The hobgoblin attacks as you move away!
The hobgoblin barely misses you.
You hit the hobgoblin.
You kill the hobgoblin!
You hit the endoplasm but do no damage.
A goblin comes into view. It is wielding a +0 dagger.
The endoplasm hits you.
* * * LOW HITPOINT WARNING * * *
Your magical contamination has completely faded away.
You hit the endoplasm but do no damage. The endoplasm closely misses you.
You hit the endoplasm. You tail-slap the endoplasm.
The endoplasm is severely wounded.
The endoplasm jiggles.
The endoplasm hits you.
* * * LOW HITPOINT WARNING * * *
You hit the endoplasm but do no damage.
The endoplasm is severely wounded.
The endoplasm freezes you.
You are frozen.
You die...

..... ..... ......
...... #......
########### ##.......
#.........# #lJ......
#.........# ###g#......
#.........# ###@Jr#
.....
#.........###...### ....
##.................# ###
....†..................
.#...........####.......
.##################..###
........'.........#..#
..#####.#########.# ##
........'.......#.#


You could see 2 endoplasms, a goblin and a rat.

Vanquished Creatures
  A hobgoblin (D:1)
  2 frilled lizards (D:1)
  A rat (D:1)
4 creatures vanquished.

Notes
Turn   | Place    | Note
-------+----------+-------------------------------------------
     0 | D:1      | Cecur the Draconian Earth Elementalist began the quest for
                  | the Orb.
     0 | D:1      | Reached XP level 1. HP: 14/14 MP: 3/3
   274 | D:1      | Frozen to death by an endoplasm

Illustrated notes

Levels and vault maps discovered:
D:1:      minmay_arrival_widening_spiral_narrow, layout_rooms

Action                   || total
-------------------------++-------
Melee: Unarmed           ||     6
       Tailslap          ||     1
 Cast: Sandblast         ||     4
Armor: Skin              ||     2
Dodge: Dodged            ||     7

Table legend: (Time is in decaauts)
 A = Elapsed time spent in this place.
 B = Non-inter-level travel time spent in this place.
 C = Inter-level travel time spent in this place.
 D = Time resting spent in this place.
 E = Time spent auto-exploring this place.
 F = Levels seen in this place.
 G = Mean time per level.
                   A        B        C        D        E       F      G
               +--------+--------+--------+--------+--------+-----+--------+
         Total |    274 |    274 |      0 |      0 |    251 |   1 |  274.0 |
       Dungeon |    274 |    274 |      0 |      0 |    251 |   1 |  274.0 |
               +--------+--------+--------+--------+--------+-----+--------+

Top non-repeatable levels by time:
     D:1: 274 daAuts
